| TOP OF THE 1ST |
|
Miami (APP) Marlins batting - Pitching for Missoula Osprey : RHP Sipi Mäkitie
|
|
Pitching: RHP Sipi Mäkitie
|
|
|
Batting: RHB Robbie Gomez
|
0-0: Ball 1-0: Ball 2-0: Ball 3-0: Swinging Strike 3-1: Swinging Strike 3-2: Strikes out swinging
|
|
Batting: RHB Jeremy Harden
|
0-0: Foul Ball, location: 2F 0-1: Foul Ball, location: 2F 0-2: Fly out, F9 (Flyball, 9S, EV 86.9 MPH)
|
|
Batting: RHB Rick English
|
0-0: Ball 1-0: Ball 2-0: Ground out 4-3 (Groundball, 4, EV 81.9 MPH)
|
| Top of the 1st over - 0 runs, 0 hits, 0 errors, 0 left on base; Miami (APP) 0 - Missoula 0 |
| BOTTOM OF THE 1ST |
|
Missoula Osprey batting - Pitching for Miami (APP) Marlins : RHP Eric Schafer
|
|
Pitching: RHP Eric Schafer
|
|
|
Batting: RHB Edwin Romero
|
0-0: Ball 1-0: Foul Ball, location: 2F 1-1: SINGLE (Line Drive, 89S, EV 90.0 MPH)
|
|
Batting: RHB Orlando Florez
|
0-0: Ball 1-0: Foul Ball, location: 2F 1-1: Ball Edwin Romero steals 2nd base 2-1: Ball 3-1: Called Strike 3-2: Base on Balls
|
|
Batting: SHB Ed Vargas
|
0-0: Ball 1-0: Called Strike 1-1: SINGLE (Line Drive, 9S, EV 99.4 MPH) Edwin Romero to third Orlando Florez to second
|
|
Batting: RHB Mike Swift
|
0-0: Foul Ball, location: 2F 0-1: Fly out, F9 (Flyball, 9D, EV 91.9 MPH) Runner from 3rd tags up, SCORES, throw by RF Orlando Florez to third
|
|
Batting: RHB Daniel Rivera
|
0-0: Ball 1-0: Fielders Choice at 2nd, 5-4 (Groundball, 56S, EV 85.0 MPH) Orlando Florez scores
|
|
Batting: SHB Ethan Newby
|
0-0: DOUBLE (Line Drive, 89D, EV 104.4 MPH) Daniel Rivera to third Runner from 3rd tries for Home, SAFE, throw by RF to trailing runner, SAFE at third!
|
|
Batting: RHB Zach Espinosa
|
0-0: Called Strike 0-1: 2-RUN HOME RUN (Flyball, 78XD, EV 103.8 MPH), Distance : 408 ft
|
|
Pitching: RHP Aidan Mitchell
|
|
|
Batting: RHB Jonathan Mora
|
0-0: Ball 1-0: Called Strike 1-1: SOLO HOME RUN (Flyball, 7D, EV 96.9 MPH), Distance : 344 ft
|
|
Batting: RHB Matt Bailey
|
0-0: Ball 1-0: Called Strike 1-1: Foul Ball, location: 2F 1-2: Foul Ball, location: 2F 1-2: Foul Ball, location: 2F 1-2: Foul Ball, location: 2F 1-2: Ball 2-2: Ball 3-2: Foul Ball, location: 2F 3-2: DOUBLE (Flyball, 9LD, EV 94.4 MPH)
|
|
Batting: RHB Edwin Romero
|
0-0: Ball 1-0: Ball 2-0: Ball 3-0: Foul Ball, location: 2F 3-1: Base on Balls
|
|
Batting: RHB Orlando Florez
|
0-0: Called Strike 0-1: Ball 1-1: Ball 2-1: Foul Ball, location: 2F 2-2: Foul Ball, location: 2F 2-2: TRIPLE (Line Drive, 7D, EV 114.4 MPH) Matt Bailey scores Edwin Romero scores
|
|
Batting: SHB Ed Vargas
|
0-0: Called Strike 0-1: Ball 1-1: Foul Ball, location: 2F 1-2: Ball 2-2: Ball 3-2: Base on Balls
|
|
Batting: RHB Mike Swift
|
0-0: Ball 1-0: Ball 2-0: Ball 3-0: Base on Balls Ed Vargas to second
|
|
Batting: RHB Daniel Rivera
|
0-0: Ball 1-0: Called Strike 1-1: Foul Ball, location: 2F 1-2: Strikes out swinging
|
| Bottom of the 1st over - 8 runs, 7 hits, 0 errors, 3 left on base; Miami (APP) 0 - Missoula 8 |
| TOP OF THE 2ND |
|
Miami (APP) Marlins batting - Pitching for Missoula Osprey : RHP Sipi Mäkitie
|
|
Batting: RHB George Boivin
|
0-0: Called Strike 0-1: Foul Ball, location: 2F 0-2: Ball 1-2: Foul Ball, location: 2F 1-2: Ball 2-2: Ground out 6-3 (Groundball, 6, EV 83.8 MPH)
|
|
Batting: LHB Danny Treto
|
0-0: Called Strike 0-1: Swinging Strike 0-2: Strikes out swinging
|
|
Batting: RHB Mario Cota
|
0-0: Called Strike 0-1: Swinging Strike 0-2: Foul Ball, location: 2F 0-2: Ground out 5-3 (Groundball, 56S, EV 71.9 MPH)
|
| Top of the 2nd over - 0 runs, 0 hits, 0 errors, 0 left on base; Miami (APP) 0 - Missoula 8 |
| BOTTOM OF THE 2ND |
|
Missoula Osprey batting - Pitching for Miami (APP) Marlins : RHP Aidan Mitchell
|
|
Batting: SHB Ethan Newby
|
0-0: SINGLE (Groundball, 34D, EV 106.9 MPH)
|
|
Batting: RHB Zach Espinosa
|
0-0: Called Strike 0-1: Ball 1-1: SINGLE (Flyball, 56D, EV 91.2 MPH) Ethan Newby to second
|
|
Batting: RHB Jonathan Mora
|
0-0: 3-RUN HOME RUN (Flyball, 7D, EV 96.2 MPH), Distance : 367 ft
|
|
Pitching: RHP Franklin Vazquez
|
|
|
Batting: RHB Matt Bailey
|
0-0: Ball 1-0: Foul Ball, location: 2F 1-1: Ground out 6-3 (Groundball, 56, EV 91.9 MPH)
|
|
Batting: RHB Edwin Romero
|
0-0: Foul Ball, location: 2F 0-1: Called Strike 0-2: Ball 1-2: Foul Ball, location: 2F 1-2: Strikes out swinging
|
|
Batting: RHB Orlando Florez
|
0-0: Swinging Strike 0-1: Ball 1-1: Ball 2-1: Ground out 6-3 (Groundball, 6, EV 100.0 MPH)
|
| Bottom of the 2nd over - 3 runs, 3 hits, 0 errors, 0 left on base; Miami (APP) 0 - Missoula 11 |
| TOP OF THE 3RD |
|
Miami (APP) Marlins batting - Pitching for Missoula Osprey : RHP Sipi Mäkitie
|
|
Batting: LHB Emilio Montalvo
|
0-0: Ball 1-0: Called Strike 1-1: Called Strike 1-2: Strikes out swinging, 2-3 out at first.
|
|
Batting: SHB Greg Rivera
|
0-0: Called Strike 0-1: Foul Ball, location: 2F 0-2: Ball 1-2: Ball 2-2: Foul Ball, location: 2F 2-2: Foul Ball, location: 2F 2-2: Foul Ball, location: 2F 2-2: Ball 3-2: Strikes out swinging
|
|
Batting: RHB Keith Bennett
|
0-0: Called Strike 0-1: Ball 1-1: Ball 2-1: Called Strike 2-2: Strikes out swinging
|
| Top of the 3rd over - 0 runs, 0 hits, 0 errors, 0 left on base; Miami (APP) 0 - Missoula 11 |
| BOTTOM OF THE 3RD |
|
Missoula Osprey batting - Pitching for Miami (APP) Marlins : RHP Franklin Vazquez
|
|
Batting: SHB Ed Vargas
|
0-0: Called Strike 0-1: Called Strike 0-2: Strikes out swinging
|
|
Batting: RHB Mike Swift
|
0-0: Ground out 6-3 (Groundball, 6, EV 94.4 MPH)
|
|
Batting: RHB Daniel Rivera
|
0-0: Ball 1-0: Ball 2-0: Foul Ball, location: 2F 2-1: Ball 3-1: Base on Balls
|
|
Pitching: LHP Brian Worthy
|
|
|
Batting: SHB Ethan Newby
|
0-0: Ball 1-0: Foul Ball, location: 2F 1-1: Called Strike 1-2: Ball 2-2: Ball 3-2: Foul Ball, location: 2F 3-2: Strikes out swinging, 2-3 out at first.
|
| Bottom of the 3rd over - 0 runs, 0 hits, 0 errors, 1 left on base; Miami (APP) 0 - Missoula 11 |
| TOP OF THE 4TH |
|
Miami (APP) Marlins batting - Pitching for Missoula Osprey : RHP Sipi Mäkitie
|
|
Batting: RHB Robbie Gomez
|
0-0: Ball 1-0: Fly out, F8 (Line Drive, 8RM, EV 91.9 MPH)
|
|
Batting: RHB Jeremy Harden
|
0-0: Called Strike 0-1: Ball 1-1: Foul Ball, location: 2F 1-2: Strikes out swinging
|
|
Batting: RHB Rick English
|
0-0: SOLO HOME RUN (Flyball, 7LD, EV 95.6 MPH), Distance : 324 ft
|
|
Batting: RHB George Boivin
|
0-0: Foul Ball, location: 2F 0-1: Swinging Strike 0-2: Strikes out swinging
|
| Top of the 4th over - 1 run, 1 hit, 0 errors, 0 left on base; Miami (APP) 1 - Missoula 11 |
| BOTTOM OF THE 4TH |
|
Missoula Osprey batting - Pitching for Miami (APP) Marlins : LHP Brian Worthy
|
|
Batting: RHB Zach Espinosa
|
0-0: Ball 1-0: Called Strike 1-1: SINGLE (Groundball, 6MD, EV 103.8 MPH)
|
|
Batting: RHB Jonathan Mora
|
0-0: Ball 1-0: Ball 2-0: Ball 3-0: Base on Balls Zach Espinosa to second
|
|
Batting: RHB Matt Bailey
|
0-0: Ball 1-0: Fielders Choice at 2nd, 3-6 (Groundball, 34, EV 101.2 MPH) Zach Espinosa to third
|
|
Batting: RHB Edwin Romero
|
0-0: Ball 1-0: Ball 2-0: Ball 3-0: Called Strike 3-1: Foul Ball, location: 2F 3-2: Base on Balls Matt Bailey to second
|
|
Pitching: RHP Felix Moreno
|
|
|
Batting: RHB Orlando Florez
|
0-0: Ball 1-0: Ball 2-0: Called Strike 2-1: Ball 3-1: Base on Balls Zach Espinosa scores Matt Bailey to third Edwin Romero to second
|
|
Batting: SHB Ed Vargas
|
0-0: Called Strike 0-1: Ball 1-1: Ball 2-1: Foul Ball, location: 2F 2-2: Ball 3-2: Foul Ball, location: 2F 3-2: Foul Ball, location: 2F 3-2: Base on Balls Matt Bailey scores Edwin Romero to third Orlando Florez to second
|
|
Batting: RHB Mike Swift
|
0-0: Ball 1-0: Ball 2-0: Called Strike 2-1: GRAND SLAM HOME RUN (Line Drive, 7LD, EV 93.1 MPH), Distance : 343 ft
|
|
Batting: RHB Daniel Rivera
|
0-0: Ball 1-0: Ball 2-0: Swinging Strike 2-1: Ball 3-1: Base on Balls
|
|
Pitching: RHP Cesar Jimenez
|
|
|
Batting: SHB Ethan Newby
|
0-0: Called Strike 0-1: Called Strike 0-2: Foul Ball, location: 2F 0-2: Foul Ball, location: 2F 0-2: Ball 1-2: Ball 2-2: Foul Ball, location: 2F 2-2: Ball 3-2: Fly out, F7 (Flyball, 78S, EV 87.5 MPH)
|
|
Batting: RHB Zach Espinosa
|
0-0: Ground out U3 (Groundball, 34S, EV 82.5 MPH)
|
| Bottom of the 4th over - 6 runs, 2 hits, 0 errors, 1 left on base; Miami (APP) 1 - Missoula 17 |
| TOP OF THE 5TH |
|
Miami (APP) Marlins batting - Pitching for Missoula Osprey : RHP Sipi Mäkitie
|
|
Batting: LHB Danny Treto
|
0-0: Swinging Strike 0-1: Fly out, F7 (Flyball, 7LS, EV 96.2 MPH)
|
|
Batting: RHB Mario Cota
|
0-0: Ball 1-0: Called Strike 1-1: Ball 2-1: Ball 3-1: Foul Ball, location: 2F 3-2: Base on Balls
|
|
Batting: LHB Emilio Montalvo
|
0-0: Foul Ball, location: 2F 0-1: Ball 1-1: Foul Ball, location: 2F 1-2: Ball 2-2: Fielders Choice at 2nd, 3-6 (Groundball, 3, EV 83.1 MPH)
|
|
Batting: SHB Greg Rivera
|
0-0: Swinging Strike 0-1: Swinging Strike 0-2: Ball 1-2: Ball 2-2: Strikes out looking
|
| Top of the 5th over - 0 runs, 0 hits, 0 errors, 1 left on base; Miami (APP) 1 - Missoula 17 |
| BOTTOM OF THE 5TH |
|
Missoula Osprey batting - Pitching for Miami (APP) Marlins : RHP Cesar Jimenez
|
|
Batting: RHB Jonathan Mora
|
0-0: Ball 1-0: Foul Ball, location: 2F 1-1: Foul Ball, location: 2F 1-2: Ball 2-2: Foul Ball, location: 2F 2-2: Ball 3-2: Foul Ball, location: 2F 3-2: Base on Balls
|
|
Batting: RHB Matt Bailey
|
0-0: Called Strike 0-1: Ball 1-1: Foul Ball, location: 2F 1-2: Ball 2-2: Foul Ball, location: 2F 2-2: SINGLE (Line Drive, 9S, EV 106.2 MPH) Jonathan Mora to second
|
|
Batting: RHB Edwin Romero
|
0-0: Ball 1-0: Ball 2-0: Ball 3-0: Base on Balls Jonathan Mora to third Matt Bailey to second
|
|
Batting: RHB Orlando Florez
|
0-0: Ball 1-0: Foul Ball, location: 2F 1-1: Ball 2-1: Ball 3-1: Base on Balls Jonathan Mora scores Matt Bailey to third Edwin Romero to second
|
|
Batting: SHB Ed Vargas
|
0-0: Called Strike 0-1: Ball 1-1: GRAND SLAM HOME RUN (Flyball, 9LD, EV 91.2 MPH), Distance : 331 ft
|
|
Batting: RHB Mike Swift
|
0-0: Ball 1-0: Foul Ball, location: 2F 1-1: Fly out, F5 (Line Drive, 56, EV 68.8 MPH)
|
|
Batting: RHB Daniel Rivera
|
0-0: SOLO HOME RUN (Flyball, 7D, EV 93.1 MPH), Distance : 361 ft
|
|
Batting: SHB Ethan Newby
|
0-0: Swinging Strike 0-1: Called Strike 0-2: Strikes out swinging
|
|
Batting: RHB Zach Espinosa
|
0-0: Ball 1-0: Ball 2-0: Ball 3-0: Called Strike 3-1: Base on Balls
|
|
Batting: RHB Jonathan Mora
|
0-0: Ball Wild Pitch! Zach Espinosa to second 1-0: Ball 2-0: Fly out, F8 (Flyball, 8RM, EV 88.8 MPH)
|
| Bottom of the 5th over - 6 runs, 3 hits, 0 errors, 1 left on base; Miami (APP) 1 - Missoula 23 |
| TOP OF THE 6TH |
|
Miami (APP) Marlins batting - Pitching for Missoula Osprey : RHP Sipi Mäkitie
|
|
Batting: RHB Keith Bennett
|
0-0: Ball 1-0: Ball 2-0: Fly out, F9 (Flyball, 9LS, EV 80.6 MPH)
|
|
Pitching: RHP Jon Wernli
|
|
|
Batting: RHB Robbie Gomez
|
0-0: Ball 1-0: Foul Ball, location: 2F 1-1: Ball 2-1: Swinging Strike 2-2: Foul Ball, location: 2F 2-2: Ball 3-2: Foul Ball, location: 2F 3-2: Strikes out swinging
|
|
Batting: RHB Jeremy Harden
|
0-0: Called Strike 0-1: Called Strike 0-2: Ball 1-2: Strikes out swinging
|
| Top of the 6th over - 0 runs, 0 hits, 0 errors, 0 left on base; Miami (APP) 1 - Missoula 23 |
| BOTTOM OF THE 6TH |
|
Missoula Osprey batting - Pitching for Miami (APP) Marlins : RHP Cesar Jimenez
|
|
Batting: RHB Matt Bailey
|
0-0: Ball 1-0: Ball 2-0: Ball 3-0: Called Strike 3-1: Base on Balls
|
|
Batting: RHB Edwin Romero
|
0-0: Ball 1-0: Called Strike 1-1: Ball 2-1: Foul Ball, location: 2F 2-2: Ball 3-2: Foul Ball, location: 2F 3-2: Base on Balls Matt Bailey to second
|
|
Batting: RHB Orlando Florez
|
0-0: Fielders Choice at 2nd, 3-6 (Groundball, 34, EV 98.8 MPH) Matt Bailey to third
|
|
Batting: SHB Ed Vargas
|
0-0: Called Strike 0-1: Fielders Choice at 2nd, 3-6 (Groundball, 34, EV 91.2 MPH) Matt Bailey scores
|
|
Batting: RHB Mike Swift
|
0-0: Ball 1-0: Fly out, F8 (Flyball, 8RD, EV 99.4 MPH)
|
| Bottom of the 6th over - 1 run, 0 hits, 0 errors, 1 left on base; Miami (APP) 1 - Missoula 24 |
| TOP OF THE 7TH |
|
Miami (APP) Marlins batting - Pitching for Missoula Osprey : RHP Jon Wernli
|
|
Batting: RHB Rick English
|
0-0: Ball 1-0: Ball 2-0: Foul Ball, location: 2F 2-1: Foul Ball, location: 2F 2-2: Ball 3-2: Foul Ball, location: 2F 3-2: Base on Balls
|
|
Batting: RHB George Boivin
|
0-0: Called Strike 0-1: Ball 1-1: Ball 2-1: Reached on error, E6 (Groundball, 6, EV 97.5 MPH) Rick English to second
|
|
Batting: LHB Danny Treto
|
0-0: Ball 1-0: Called Strike 1-1: Ball 2-1: Foul Ball, location: 2F 2-2: Strikes out looking
|
|
Pitching: LHP Josh Hubbard
|
|
|
Batting: RHB Mario Cota
|
0-0: Ball 1-0: Ball 2-0: Foul Ball, location: 2F 2-1: Foul Ball, location: 2F 2-2: Foul Ball, location: 2F 2-2: Foul Ball, location: 2F 2-2: Ball 3-2: Strikes out swinging
|
|
Batting: LHB Emilio Montalvo
|
0-0: Ball 1-0: Foul Ball, location: 2F 1-1: Fly out, F8 (Flyball, 8LD, EV 107.5 MPH)
|
| Top of the 7th over - 0 runs, 0 hits, 1 error, 2 left on base; Miami (APP) 1 - Missoula 24 |
| BOTTOM OF THE 7TH |
|
Missoula Osprey batting - Pitching for Miami (APP) Marlins : RHP Cesar Jimenez
|
|
Pinch Hitting: RHB D.J. Cooke
|
0-0: SINGLE (Line Drive, 4D, EV 93.8 MPH)
|
|
Batting: SHB Ethan Newby
|
0-0: Called Strike 0-1: Ball 1-1: Swinging Strike 1-2: Foul Ball, location: 2F 1-2: Ball 2-2: Ball 3-2: Foul Ball, location: 2F 3-2: Base on Balls D.J. Cooke to second
|
|
Batting: RHB Zach Espinosa
|
0-0: 3-RUN HOME RUN (Flyball, 9D, EV 95.0 MPH), Distance : 357 ft
|
|
Batting: RHB Jonathan Mora
|
0-0: Ground out 5-3 (Groundball, 5, EV 88.1 MPH)
|
|
Batting: RHB Matt Bailey
|
0-0: Fly out, F7 (Line Drive, 7S, EV 97.5 MPH)
|
|
Batting: RHB Edwin Romero
|
0-0: Ball 1-0: SINGLE (Groundball, 6M, EV 101.9 MPH) (infield hit)
|
|
Batting: RHB Orlando Florez
|
0-0: SINGLE (Flyball, 9S, EV 88.1 MPH) Edwin Romero to second Runner from 2nd tries for 3rd, SAFE, throw by RF made to third
|
|
Pinch Hitting: RHB Hyeok Shon
|
0-0: SINGLE (Groundball, 4MD, EV 103.1 MPH) Edwin Romero scores Orlando Florez to second
|
|
Batting: RHB Mike Swift
|
0-0: Ground out U3 (Groundball, 3L, EV 103.8 MPH)
|
| Bottom of the 7th over - 4 runs, 5 hits, 0 errors, 2 left on base; Miami (APP) 1 - Missoula 28 |
| TOP OF THE 8TH |
|
Miami (APP) Marlins batting - Pitching for Missoula Osprey : LHP Josh Hubbard
|
|
Now at 2B: D.J. Cooke
|
|
|
Now in CF: Hyeok Shon
|
|
|
Batting: SHB Greg Rivera
|
0-0: SINGLE (Flyball, 34D, EV 91.2 MPH)
|
|
Batting: RHB Keith Bennett
|
0-0: Ball 1-0: Foul Ball, location: 2F 1-1: Fielders Choice at 2nd, 6-4 (Groundball, 6, EV 84.4 MPH)
|
|
Batting: RHB Robbie Gomez
|
0-0: Ball 1-0: Called Strike 1-1: Hit by Pitch Keith Bennett to second
|
|
Batting: RHB Jeremy Harden
|
0-0: Called Strike 0-1: Swinging Strike 0-2: Ball 1-2: Ball 2-2: Foul Ball, location: 2F 2-2: Foul Ball, location: 2F 2-2: Foul Ball, location: 2F 2-2: Foul Ball, location: 2F 2-2: Foul Ball, location: 2F 2-2: Ball 3-2: Strikes out looking
|
|
Batting: RHB Rick English
|
0-0: Fly out, F8 (Line Drive, 8RD, EV 95.0 MPH)
|
| Top of the 8th over - 0 runs, 1 hit, 0 errors, 2 left on base; Miami (APP) 1 - Missoula 28 |
| BOTTOM OF THE 8TH |
|
Missoula Osprey batting - Pitching for Miami (APP) Marlins : RHP Cesar Jimenez
|
|
Batting: RHB D.J. Cooke
|
0-0: Fly out, F3 (Popup, 3F, EV 57.5 MPH)
|
|
Batting: SHB Ethan Newby
|
0-0: Ground out 5-3 (Groundball, 56, EV 79.4 MPH)
|
|
Batting: RHB Zach Espinosa
|
0-0: Fly out, F8 (Flyball, 78M, EV 87.5 MPH)
|
| Bottom of the 8th over - 0 runs, 0 hits, 0 errors, 0 left on base; Miami (APP) 1 - Missoula 28 |
| TOP OF THE 9TH |
|
Miami (APP) Marlins batting - Pitching for Missoula Osprey : LHP Josh Hubbard
|
|
Batting: RHB George Boivin
|
0-0: Ball 1-0: Called Strike 1-1: Swinging Strike 1-2: Strikes out swinging
|
|
Batting: LHB Danny Treto
|
0-0: Foul Ball, location: 2F 0-1: Ball 1-1: Swinging Strike 1-2: Foul Ball, location: 2F 1-2: Strikes out swinging
|
|
Batting: RHB Mario Cota
|
0-0: Called Strike 0-1: Ball 1-1: Ball 2-1: Swinging Strike 2-2: Strikes out swinging
|
| Top of the 9th over - 0 runs, 0 hits, 0 errors, 0 left on base; Miami (APP) 1 - Missoula 28 |
|